 Dungeon Crawl Stone Soup version 0.23.0 (webtiles) character file.

Game seed: 5868113922752737035

1954 Oravi the Chucker (level 9, -4/69 HPs)
             Began as a Gnoll Wanderer on Feb 11, 2019.
             Was a Believer of Cheibriados.
             Killed from afar by a manticore (25 damage)
             ... with a volley of spikes
             ... on level 6 of the Dungeon.
             The game lasted 00:34:38 (7584 turns).

Oravi the Chucker (Gnoll Wanderer)                  Turns: 7584, Time: 00:34:43

Health: -4/69      AC: 14    Str: 19    XL:     9   Next: 19%
Magic:  14/14      EV: 12    Int: 21    God:    Cheibriados [**....]
Gold:   294        SH:  0    Dex: 22    Spells: 12/15 levels left

rFire    . . .     SeeInvis .   a - +0 war axe
rCold    . . .     Gourm    .   (no shield)
rNeg     + + .     Faith    .   u - +0 pearl dragon scales
rPois    .         Spirit   .   z - +0 helmet
rElec    .         Reflect  .   (no cloak)
rCorr    .         Harm     .   (no gloves)
MR       .....                  s - +0 pair of boots
Stlth    ++........             y - amulet of the acrobat
HPRegen  0.21/turn              K - +3 ring of intelligence
MPRegen  0.14/turn              L - ring of positive energy

@: barbed spikes, very slightly contaminated, very slow
A: distributed training, fangs 1, strong nose
a: Bend Time, Renounce Religion


You were on level 6 of the Dungeon.
You worshipped Cheibriados.
Cheibriados was pleased with you.
You were not hungry.

You visited 2 branches of the dungeon, and saw 7 of its levels.
You also visited: Ossuary.

You collected 294 gold pieces.

Inventory:

Hand Weapons
 a - a +0 war axe (weapon)
 b - a +2 shortbow
 e - a +0 dagger
 q - a +2 dagger of speed
 w - a +0 blowgun
 G - a +2 dagger of venom
 J - a +0 hand crossbow
 M - a +0 spear
Missiles
 c - 101 arrows
 l - 2 tomahawks
 t - 99 stones (quivered)
 v - 41 poisoned needles
 I - 51 bolts
 N - 24 sling bullets
Armour
 d - a +0 ring mail
 h - a +0 chain mail
 n - a +0 scale mail
 s - a +0 pair of boots (worn)
 u - +0 pearl dragon scales (worn)
 z - a +0 helmet (worn)
Jewellery
 o - an uncursed ring of ice
 y - an amulet of the acrobat (around neck)
 H - an uncursed ring of protection from fire
 K - a +3 ring of intelligence (left hand)
 L - a ring of positive energy (right hand)
Scrolls
 g - 2 scrolls of amnesia
 j - a scroll of fear
 A - a scroll of immolation {unknown}
 B - a scroll of enchant weapon {unknown}
 E - 2 scrolls of random uselessness {unknown}
Potions
 i - 3 potions of flight
 k - 2 potions of degeneration
 m - 2 potions of mutation
 p - 2 potions of resistance
 r - 2 potions of brilliance
 x - a potion of haste
 C - a potion of heal wounds
 D - 3 potions of curing {unknown}
Comestibles
 f - 7 rations


   Skills:
 + Level 6.1 Fighting
 + Level 3.9 Short Blades
 + Level 4.7 Long Blades
 + Level 3.9 Axes
 + Level 3.9 Maces & Flails
 + Level 3.9 Polearms
 + Level 3.9 Staves
 + Level 3.9 Slings
 + Level 6.1 Bows
 + Level 3.9 Crossbows
 + Level 6.1 Throwing
 + Level 4.7 Armour
 + Level 3.9 Dodging
 + Level 5.8 Stealth
 + Level 3.9 Shields
 + Level 3.9 Unarmed Combat
 + Level 3.9 Spellcasting
 + Level 3.2 Conjurations
 + Level 3.2 Hexes
 + Level 3.2 Charms
 + Level 3.2 Summonings
 + Level 3.2 Necromancy
 + Level 3.2 Translocations
 + Level 3.2 Transmutations
 + Level 3.2 Fire Magic
 + Level 3.2 Ice Magic
 + Level 3.2 Air Magic
 + Level 3.2 Earth Magic
 + Level 3.2 Poison Magic
 + Level 4.3 Invocations
 + Level 3.9 Evocations


You had 12 spell levels left.
You knew the following spells:

 Your Spells              Type           Power        Failure   Level  Hunger
a - Confuse               Hex            ###.....     34%         3    ###....

Your spell library contained the following spells:

 Spells                   Type           Power        Failure   Level  Hunger
 Confusing Touch          Hex            ###...       12%         1    None
 Gell's Gravitas          Tloc           ###.......   34%         3    ###....
 Petrify                  Tmut/Erth      ###.....     75%         4    ####...
 Metabolic Englaciation   Hex/Ice        ###.......   97%         5    ######.
 Yara's Violent Unravell  Hex/Tmut       ###.......   97%         5    ######.


Dungeon Overview and Level Annotations

Branches:
Dungeon (6/15)             Temple (1/1) D:4

Altars:
Ashenzari
Cheibriados
Dithmenos
Elyvilon
Fedhas
Gozag
Makhleb
Okawaru
Ru
Vehumet
Wu Jian
Xom
Yredelemnul
Zin
The Shining One

Shops:
D:5 :


Innate Abilities, Weirdness & Mutations

Your experience applies equally to all skills.
You have very sharp teeth.
Your uncanny sense of smell can sniff out nearby items.


Message History

You are too injured to fight recklessly!
You closely miss the adder. Your bite misses the adder.
The adder closely misses you. The adder bites you but does no damage.
You barely miss the adder. Your punch misses the adder. The adder bites you.
* * * LOW HITPOINT WARNING * * *
The adder misses you.
You hit the adder.
The adder is lightly wounded.
The adder closely misses you.
You miss the adder.
The adder is lightly wounded.
You hit the adder but do no damage. You bite the adder.
The adder is moderately wounded.
You slash the adder!
You kill the adder!
Cheibriados appreciates the change of pace.
The manticore flicks its tail.
The volley of spikes hits you!!
The barbed spikes become lodged in your body.
You die...

#..#.#
.............##
#####..#.#
#..#########.# #
#........# #..#
#.#∆ ## #..<.....#
#..# #.####.
#........#
#..#########......
#........#
#.H...............
#........#
#.##########......
#......÷<#
#†########...###..
#####.####
#@##.............#
#..##
#.##......########
##..####.##......#
##..............#
######.........#
####......#
#......# ########


You could see a manticore.

Vanquished Creatures
  A hippogriff (D:5)
  Sigmund (D:2)
  A sky beast (D:4)
  A phantom (D:4)
  An ice beast (D:6)
  An ogre (D:5)
  A centaur (D:5)
  A crocodile (D:3)
  2 scorpions
  2 crimson imps (D:5)
  A jelly (D:5)
  2 bullfrog skeletons
  2 orc priests (D:5)
  A hound (D:5)
  A human zombie (Ossuary)
  2 orc wizards
  Jessica (D:2)
  Natasha (thrice) (D:2)
  8 worker ants
  A big kobold zombie (Ossuary)
  4 mummies (Ossuary)
  Robin (D:3)
  8 adders
  7 gnolls
  2 oozes
  3 adder zombies
  An adder skeleton (D:4)
  2 worms
  2 dart slugs
  5 leopard geckos
  17 orcs
  11 bats
  6 giant cockroaches
  14 goblins
  17 hobgoblins
  12 jackals
  5 kobolds
  4 quokkas
  2 frilled lizards
  A gnoll zombie (Ossuary)
  A goblin zombie (Ossuary)
  2 jackal zombies (Ossuary)
  2 kobold zombies (Ossuary)
  An orc zombie (Ossuary)
  2 quokka skeletons
  A quokka zombie (D:5)
  4 rats
  A rat zombie (Ossuary)
172 creatures vanquished.

Notes
Turn   | Place    | Note
-------+----------+-------------------------------------------
     0 | D:1      | Oravi the Gnoll Wanderer began the quest for the Orb.
     0 | D:1      | Oravi set off with the following items: a +2 shortbow, 28
                  | arrows, a +0 spear, a +0 ring mail, a +0 dagger, a ration
     0 | D:1      | Reached XP level 1. HP: 20/20 MP: 1/1
   159 | D:1      | Reached XP level 2. HP: 21/26 MP: 2/2
   462 | D:1      | Reached XP level 3. HP: 15/31 MP: 3/3
  1191 | D:2      | Reached skill level 1 in Invocations
  1250 | D:2      | Noticed Natasha
  1262 | D:2      | Killed Natasha
  1262 | D:2      | Reached skill level 1 in Short Blades
  1262 | D:2      | Reached skill level 1 in Axes
  1262 | D:2      | Reached skill level 1 in Maces & Flails
  1262 | D:2      | Reached skill level 1 in Polearms
  1262 | D:2      | Reached skill level 1 in Staves
  1262 | D:2      | Reached skill level 1 in Slings
  1262 | D:2      | Reached skill level 1 in Crossbows
  1262 | D:2      | Reached skill level 1 in Dodging
  1262 | D:2      | Reached skill level 1 in Shields
  1262 | D:2      | Reached skill level 1 in Unarmed Combat
  1262 | D:2      | Reached skill level 1 in Spellcasting
  1262 | D:2      | Reached skill level 1 in Evocations
  1262 | D:2      | Reached XP level 4. HP: 17/38 MP: 5/5
  1299 | D:2      | Noticed Natasha
  1320 | D:2      | Killed Natasha
  1608 | D:2      | Noticed Jessica
  1636 | D:2      | Reached skill level 1 in Conjurations
  1636 | D:2      | Reached skill level 1 in Hexes
  1636 | D:2      | Reached skill level 1 in Charms
  1636 | D:2      | Reached skill level 1 in Summonings
  1636 | D:2      | Reached skill level 1 in Necromancy
  1636 | D:2      | Reached skill level 1 in Translocations
  1636 | D:2      | Reached skill level 1 in Transmutations
  1636 | D:2      | Reached skill level 1 in Fire Magic
  1636 | D:2      | Reached skill level 1 in Ice Magic
  1636 | D:2      | Reached skill level 1 in Air Magic
  1636 | D:2      | Reached skill level 1 in Earth Magic
  1636 | D:2      | Reached skill level 1 in Poison Magic
  1637 | D:2      | Killed Jessica
  1637 | D:2      | Reached XP level 5. HP: 43/43 MP: 6/6
  1789 | D:2      | Noticed Sigmund
  2136 | D:2      | Noticed Natasha
  2153 | D:2      | Killed Natasha
  2318 | D:2      | Found a sacrificial altar of Ru.
  3023 | D:2      | Killed Sigmund
  3023 | D:2      | Reached skill level 5 in Fighting
  3023 | D:2      | Reached skill level 5 in Bows
  3023 | D:2      | Reached skill level 5 in Throwing
  3023 | D:2      | Reached XP level 6. HP: 47/51 MP: 7/9
  3377 | D:3      | Noticed Robin
  3397 | D:3      | Killed Robin
  3511 | D:3      | Reached XP level 7. HP: 31/56 MP: 10/10
  3921 | D:3      | Found a glowing silver altar of Zin.
  4561 | D:4      | Reached skill level 5 in Stealth
  4747 | D:4      | Found a glowing golden altar of the Shining One.
  4830 | D:4      | Found a staircase to the Ecumenical Temple.
  4868 | D:4      | Found a sand-covered staircase.
  4877 | Ossuary  | Entered an ossuary
  4949 | Ossuary  | Reached XP level 8. HP: 39/63 MP: 12/12
  5430 | Temple   | Entered the Ecumenical Temple
  5464 | Temple   | Became a worshipper of Cheibriados the Contemplative
  5796 | D:5      | Entered Level 5 of the Dungeon
  5880 | D:5      | Found Meklyodd's Book Shop.
  5941 | D:5      | Noticed a hippogriff
  6289 | D:5      | Killed a hippogriff
  6433 | D:5      | Reached * piety under Cheibriados
  6644 | D:5      | Reached XP level 9. HP: 57/69 MP: 14/14
  6880 | D:5      | Found a blossoming altar of Fedhas.
  6970 | D:5      | Reached ** piety under Cheibriados
  7491 | D:6      | Learned a level 3 spell: Confuse
  7558 | D:6      | Noticed a manticore
  7584 | D:6      | Killed from afar by a manticore

Skill      XL: |  1  2  3  4  5  6  7  8  9 |
---------------+----------------------------+-----
Invocations    | 1 2 3 4 |  4.3
Short Blades   | 1 2 3 |  3.9
Axes           | 1 2 3 |  3.9
Maces & Flails | 1 2 3 |  3.9
Polearms       | 1 2 3 |  3.9
Staves         | 1 2 3 |  3.9
Slings         | 1 2 3 |  3.9
Crossbows      | 1 2 3 |  3.9
Dodging        | 1 2 3 |  3.9
Shields        | 1 2 3 |  3.9
Unarmed Combat | 1 2 3 |  3.9
Spellcasting   | 1 2 3 |  3.9
Evocations     | 1 2 3 |  3.9
Conjurations   | 1 2 3 |  3.2
Hexes          | 1 2 3 |  3.2
Charms         | 1 2 3 |  3.2
Summonings     | 1 2 3 |  3.2
Necromancy     | 1 2 3 |  3.2
Translocations | 1 2 3 |  3.2
Transmutations | 1 2 3 |  3.2
Fire Magic     | 1 2 3 |  3.2
Ice Magic      | 1 2 3 |  3.2
Air Magic      | 1 2 3 |  3.2
Earth Magic    | 1 2 3 |  3.2
Poison Magic   | 1 2 3 |  3.2
Long Blades    | 3 4 |  4.7
Armour         | 3 4 |  4.7
Fighting       | 5 6 |  6.1
Bows           | 5 6 |  6.1
Throwing       | 5 6 |  6.1
Stealth        | 5 |  5.8

Action                   |  1- 3 |  4- 6 |  7- 9 || total
-------------------------+-------+-------+-------++-------
Melee: Spear             |   147 |   199 |   215 ||   561
       Bite              |    17 |    20 |    46 ||    83
       Punch             |       |     1 |     5 ||     6
       Dagger            |       |       |    78 ||    78
       War axe           |       |       |    33 ||    33
 Fire: Shortbow          |     3 |    45 |   192 ||   240
  Use: Potion            |       |     1 |     1 ||     2
       Scroll            |       |       |    15 ||    15
 Stab: Sleeping          |     8 |       |     1 ||     9
       Distracted        |       |       |     1 ||     1
  Eat: Chunk             |     1 |     4 |     8 ||    13
       Ration            |       |     1 |     1 ||     2
Armor: Ring mail         |    38 |       |       ||    38
       Scale mail        |     7 |     5 |       ||    12
       Chain mail        |       |    85 |    25 ||   110
       Skin              |       |     2 |       ||     2
       Pearl dragon scal |       |       |   244 ||   244
Dodge: Dodged            |    62 |    72 |   273 ||   407
